AoeStats
← Random

Nomad

502976324Analyzed
4v4 RM · 1mo ago on Aug 29, 2026· 9m 16s· 8 players
Game mode
Random Map
Map size
231×231
Population
200
Speed
Normal
Resources
Standard
Victory
Conquest
Starting age
Dark Age
Ending age
Imperial Age
RankedLock teamsTeams togetherTeam positionsShared explorationLock speedFull tech treeHidden civsTurbo modeCheats
Victory
Defeat
🇺🇸 Dravidians · United States
1574
+16
🇺🇸 Goths · United States
1539
+17
🇲🇽 Spanish · Mexico
1535
+18
🇺🇸 Spanish · United States
1534
+18
🇦🇷 Ethiopians · Argentina
1605
-19
🇺🇸 Malians · United States
1591
-18
🇬🇧 Persians · United Kingdom
1585
-18
🇦🇷 Maya · Argentina
1503
-14
Jaxto
4:38 Loom
Random
Thundernips, The Ultimate Gigolo
5:05 Loom
11:25 Feudal Age
loco_angel
4:48 Loom
AML4554
3:12 Loom
Didi
3:11 Loom
Catastrophic
8:34 Loom
too old for this new shit
3:22 Loom
Connection lost

Rejoining the realm…

Still unreachable

The connection could not be restored.

Session expired

The server has moved on; the page needs a fresh start.